 Dungeon Crawl Stone Soup version 0.31-a0-851-g7ff8af7976 (webtiles) character file.

Game seed: 9991674897450462154

676 Shayle the Trooper (level 7, 0/54 HPs)
             Began as a Demonspawn Reaver on Oct 5, 2023.
             Slain by a gnoll sergeant
             ... wielding a +0 glaive
              (11 damage)
             ... in a bailey.
             The game lasted 00:15:06 (3931 turns).

Shayle the Trooper (Demonspawn Reaver)              Turns: 3931, Time: 00:15:07

Health: 0/54       AC: 14    Str: 12    XL:     7   Next: 33%
Magic:  12/12      EV: 15    Int: 22    God:
Gold:   273        SH:  6    Dex: 12    Spells: 12/13 levels left

rFire   . . .        s - +9 scimitar
rCold   . . .        m - +2 buckler
rNeg    . . .        i - +0 ring mail
rPois   .            (helmet restricted)
rElec   .            t - +1 cloak
rCorr   .            (no gloves)
SInv    .            d - +0 pair of boots
Will    .....        p - amulet of regeneration
Stlth   +            h - +6 ring of intelligence
HPRegen 1.09/turn    u - +5 ring of evasion
MPRegen 0.26/turn

%: no passive effects
@: mighty, weakened, sanguine armoured
A: horns 2, magic regeneration, sanguine armour 1
a: no special abilities


You were in a bailey.
You visited 1 branch of the dungeon, and saw 5 of its levels.
You also visited: Bailey.

You collected 273 gold pieces.

Inventory:

Hand Weapons
 a - a +0 spear
 o - a +2 dagger of distortion
 s - a +9 scimitar (weapon)
Armour
 b - a +0 leather armour
 d - a +0 pair of boots (worn)
 i - a +0 ring mail (worn)
 m - a +2 buckler (worn)
 t - a +1 cloak (worn)
Jewellery
 h - a +6 ring of intelligence (left hand)
 p - an amulet of regeneration (around neck)
 u - a +5 ring of evasion (right hand)
Scrolls
 e - a scroll of enchant armour {unknown}
 f - a scroll of vulnerability {unknown}
 j - a scroll of blinking {unknown}
 r - a scroll of torment {unknown}
Potions
 g - 3 potions of curing
 l - a potion of magic
 v - a potion of brilliance


   Skills:
 + Level 4.1 Fighting
 - Level 2.6 Polearms
 + Level 3.1 Armour
 - Level 1.7 Dodging
 + Level 2.4 Shields
 + Level 3.8 Spellcasting
 - Level 3.0 Conjurations
 + Level 3.7 Necromancy


You had 12 spell levels left.
You knew the following spells:

 Your Spells              Type           Power      Damage    Failure   Level
a - Kiss of Death         Conj/Necr      76%        2d11      9%          1

Your spell library contained the following spells:

 Spells                   Type           Power      Damage    Failure   Level
 Momentum Strike          Conj/Tloc      20%        3d8       28%         2
 Hailstorm                Conj/Ice       10%        3d5       50%         3


Dungeon Overview and Level Annotations

Branches:
Dungeon (7/15)             Bailey (1/1)
 Temple: D:4-7

Altars:
Vehumet
Wu Jian

Shops:
D:1 =

Annotations:
D:3 2 runed translucent doors, Sigmund


Innate Abilities, Weirdness & Mutations

You have a pair of horns on your head.
You regenerate magic rapidly.
When seriously injured, your blood forms armour. (AC +6)


Message History

The gnolls pick up the pace!
A gnoll sergeant comes into view.
It is wielding a +0 glaive and carrying a wand of mindburst.
Okay, then.
You feel very mighty all of a sudden.
The gnoll bouda barks out a call to the hunt!
The gnoll bouda picks up the pace!
A gnoll sergeant comes into view. It is wielding a +0 glaive.
You block the gnoll sergeant's attack.
The wolf howls!
Unknown command.
A gnoll and a gnoll sergeant come into view.
The gnoll shouts!
The gnoll sergeant shouts!
The gnoll bouda barely misses you.
The gnoll bouda barks out a call to the hunt!
The gnoll bouda picks up the pace!
The gnoll bouda misses you. The gnoll sergeant misses you.
The gnoll bouda gazes fiercely through you!
You feel as though you will be weak longer.
The gnoll bouda misses you. The gnoll sergeant closely misses you.
Unknown command.
You slash the gnoll bouda! You headbutt the gnoll bouda.
The gnoll bouda is severely wounded.
The wolf bites you! The gnoll bouda misses you.
The gnoll sergeant hits you with a +0 halberd!
Your blood congeals into armour.
The gnoll sergeant barely misses you.
The gnoll bouda gazes fiercely through you!
You feel as though you will be weak longer.
The gnoll bouda completely misses you. The gnoll sergeant barely misses you.
The wolf bites you! The gnoll bouda completely misses you.
You slash the gnoll bouda!
You kill the gnoll bouda!
The wolf closely misses you. The gnoll sergeant barely misses you.
The gnoll sergeant misses you. x2
The gnoll bouda gazes fiercely through you!
You feel as though you will be weak longer.
The gnoll bouda hits you from afar with a +0 spear!
* * * LOW HITPOINT WARNING * * *
The wolf barely misses you.
The gnoll sergeant hits you from afar with a +0 glaive!
You die...

♣♣♣♣♣♣♣♣♣♣♣ ≈≈≈≈≈≈≈≈≈≈♣♣
#############...≈≈♣♣
##.8....g..8.###..≈.♣
##....g..gg...# #..≈.♣♣
#.....h@)gg...# #..≈..♣
#....g#####...# #..≈..♣
#...g##...## ' #..≈..♣♣
.##'###.....######..≈...♣
...h.#.......#..(')......
......g..g8..)'...'......)
≈.. ..#...$g..#)(.'.......
≈. ##g.gg.######..≈...♣ ≈
##...## #..≈...♣


You could see 4 gnoll sergeants, a wolf, 3 gnoll boudas and a gnoll (swift).

Vanquished Creatures
  An ice beast (D:7)
  A gnoll sergeant (Bailey)
  A scorpion (D:7)
  3 hounds
  An orc priest (D:4)
  A gnoll bouda (Bailey)
  An orc wizard (D:7)
  4 adders
  13 gnolls
  2 worms
  A dart slug (D:4)
  11 orcs
  7 ball pythons
  4 endoplasms
  12 giant cockroaches
  3 goblins
  11 hobgoblins
  3 jackals (D:4)
  3 quokkas
  4 bats
  A frilled lizard (D:3)
  6 kobolds
  2 rats
96 creatures vanquished.

Vanquished Creatures (collateral kills)
  A wight (D:7)
1 creature vanquished.

Vanquished Creatures (others)
  3 wights (D:7)
3 creatures vanquished.

Grand Total: 100 creatures vanquished

Notes
Turn   | Place    | Note
-------+----------+-------------------------------------------
     0 | D:1      | Shayle the Demonspawn Reaver began the quest for the Orb.
     0 | D:1      | Reached XP level 1. HP: 16/16 MP: 3/3
   211 | D:1      | Gained mutation: You have a pair of small horns on your
                  | head. [demonic ancestry]
   211 | D:1      | Reached XP level 2. HP: 20/22 MP: 5/5
   295 | D:1      | Found Qiafadif's One-of-a-Kind Rings.
   495 | D:1      | Reached skill level 1 in Necromancy
   776 | D:2      | Reached skill level 1 in Armour
   808 | D:2      | Gained mutation: You regenerate magic rapidly. [demonic
                  | ancestry]
   808 | D:2      | Reached XP level 3. HP: 23/28 MP: 6/6
  1198 | D:2      | Gained mutation: When seriously injured, your blood forms
                  | armour. (AC +6) [demonic ancestry]
  1198 | D:2      | Reached XP level 4. HP: 34/34 MP: 7/7
  1436 | D:2      | Found an ornate altar of the Wu Jian Council.
  1998 | D:3      | Reached skill level 3 in Fighting
  2018 | D:3      | Found a large runed translucent door.
  2018 | D:3      | Found a large runed translucent door.
  2108 | D:3      | Gained mutation: You have a pair of horns on your head.
                  | [demonic ancestry]
  2108 | D:3      | Reached XP level 5. HP: 25/41 MP: 9/9
  2189 | D:3      | Found a radiant altar of Vehumet.
  2559 | D:3      | Found a faded altar of an unknown god.
  2726 | D:3      | Noticed Sigmund
  2854 | D:4      | Reached skill level 1 in Shields
  3426 | D:4      | You fall into a shaft and drop 3 floors!
  3520 | D:7      | Noticed an ice beast
  3548 | D:7      | Killed an ice beast
  3549 | D:7      | Reached XP level 6. HP: 24/47 MP: 9/11
  3700 | D:7      | Found a flagged portal.
  3774 | Bailey   | Entered a bailey
  3785 | Bailey   | Reached XP level 7. HP: 53/53 MP: 12/12
  3792 | Bailey   | Reached skill level 4 in Fighting
  3931 | Bailey   | Slain by a gnoll sergeant

Illustrated notes

Levels and vault maps discovered:
D:1:      mushboom_english_gardens, layout_basic, nicolae_shop_unique_rings,
          minmay_heptomino_l4
D:2:      minmay_roachtagon, layout_basic, basic_altar, minmay_diced_spiral
D:3:      layout_basic, jmf_multi_god_temple2, mainiacjoe_overflow_boulevard,
          ebering_ghost_inner_flame, shapermc_ecumenical_altar_notcrosses,
          grunt_ministairs_1, uniq_sigmund
D:4:      layout_loops_cross, dreamdust_princess_bridge
D:7:      layout_rooms, nicolae_sif_muna_little_library, enter_bailey_4,
          roderic_lattice_a, uniq_maggie
Bailey:   bailey_polearm_gnolls_kennysheep, bailey

Skill      XL: |  1  2  3  4  5  6  7 |
---------------+----------------------+-----
Necromancy     | 1 2 3 |  3.7
Armour         | 1 2 3 |  3.1
Fighting       | 3 4 |  4.1
Spellcasting   | 3 |  3.8
Shields        | 1 2 |  2.4
Polearms       | |  2.6
Dodging        | |  1.7
Conjurations   | |  3.0

Action                     |  1- 3 |  4- 6 |  7- 9 || total
---------------------------+-------+-------+-------++-------
  Melee: Spear             |   130 |   289 |       ||   419
         Punch             |     1 |       |       ||     1
         Headbutt          |    19 |    54 |    11 ||    84
         Scimitar          |       |     4 |    31 ||    35
  Evoke: Wand              |       |     5 |       ||     5
    Use: Potion            |       |     1 |     2 ||     3
         Scroll            |       |       |    10 ||    10
 Armour: Leather armour    |    17 |       |       ||    17
         Ring mail         |    49 |   176 |    29 ||   254
  Dodge: Dodged            |    66 |   145 |    59 ||   270
  Block: Buckler           |       |    68 |    20 ||    88

Table legend: (Time is in decaauts)
 A = Elapsed time spent in this place.
 B = Non-inter-level travel time spent in this place.
 C = Inter-level travel time spent in this place.
 D = Time resting spent in this place.
 E = Time spent auto-exploring this place.
 F = Levels seen in this place.
 G = Mean time per level.
                   A        B        C        D        E       F      G
               +--------+--------+--------+--------+--------+-----+--------+
         Total |   3954 |   3873 |     81 |     76 |   2334 |   6 |  659.0 |
       Dungeon |   3784 |   3703 |     81 |     68 |   2334 |   5 |  756.8 |
        Bailey |    170 |    170 |      0 |      8 |      0 |   1 |  170.0 |
               +--------+--------+--------+--------+--------+-----+--------+

Top non-repeatable levels by time:
     D:2: 1240 daAuts
     D:3: 888 daAuts
     D:1: 729 daAuts
     D:4: 571 daAuts
     D:7: 354 daAuts
  Bailey: 170 daAuts
